MLB
NEW YORK (A) YANKEES @ MINNESOTA TWINS
03/07/2042
 
TOP OF THE 1ST
New York (A) Yankees batting - Pitching for Minnesota Twins : LHP Andy Dawson
Pitching: LHP Andy Dawson
Batting: RHB Tony Bórquez 0-0: Ball
1-0: Ground out 5-3 (Groundball, 56S, EV 85.0 MPH)
Batting: LHB Johnny Erwin 0-0: Ground out 4-3 (Groundball, 4, EV 78.8 MPH)
Batting: LHB Derek Allen 0-0: Called Strike
0-1: Swinging Strike
0-2: Strikes out swinging
Top of the 1st over - 0 runs, 0 hits, 0 errors, 0 left on base; New York (A) 0 - Minnesota 0
BOTTOM OF THE 1ST
Minnesota Twins batting - Pitching for New York (A) Yankees : RHP António Dueñas
Pitching: RHP António Dueñas
Batting: LHB Kaspar Linge 0-0: Ball
1-0: Swinging Strike
1-1: SINGLE (Line Drive, 6D, EV 100.0 MPH)
Batting: RHB Juan Juárez 0-0: Ball
1-0: Ball
2-0: Ball
3-0: Base on Balls
Kaspar Linge to second
Batting: LHB Pancho Cervantez 0-0: Called Strike
0-1: Ball
1-1: Ball
2-1: Foul Ball, location: 2F
2-2: Fielders Choice at 2nd, 2-6 (Groundball, 13S, EV 71.3 MPH)
Kaspar Linge to third
Batting: SHB Steve Sanders 0-0: SINGLE (Line Drive, 8RS, EV 101.9 MPH)
Kaspar Linge scores
Pancho Cervantez to second
Batting: RHB Leonardo Boccasino 0-0: Ball
1-0: Called Strike
1-1: Ball
2-1: Called Strike
2-2: Strikes out swinging
Batting: SHB Jeff Krieger 0-0: Swinging Strike
0-1: Ball
1-1: Swinging Strike
1-2: Foul Ball, location: 7LMF
1-2: Ball
2-2: Foul Ball, location: 2F
2-2: Ball
3-2: Strikes out swinging
Bottom of the 1st over - 1 run, 2 hits, 0 errors, 2 left on base; New York (A) 0 - Minnesota 1
TOP OF THE 2ND
New York (A) Yankees batting - Pitching for Minnesota Twins : LHP Andy Dawson
Batting: SHB Rodrigo López 0-0: Ball
1-0: Foul Ball, location: 2F
1-1: Swinging Strike
1-2: Strikes out swinging
Batting: LHB Bob Armstrong 0-0: Fly out, F8 (Flyball, 89D, EV 84.4 MPH)
Batting: RHB Juan Colón 0-0: Swinging Strike
0-1: Foul Ball, location: 2F
0-2: Ball
1-2: Strikes out swinging
Top of the 2nd over - 0 runs, 0 hits, 0 errors, 0 left on base; New York (A) 0 - Minnesota 1
BOTTOM OF THE 2ND
Minnesota Twins batting - Pitching for New York (A) Yankees : RHP António Dueñas
Batting: RHB Connor Teek 0-0: Called Strike
0-1: Called Strike
0-2: Foul Ball, location: 25F
0-2: Strikes out swinging
Batting: RHB Jesús Carranza 0-0: Swinging Strike
0-1: Called Strike
0-2: Foul Ball, location: 3F
0-2: Ball
1-2: Ball
2-2: Strikes out looking
Batting: RHB Ángelo Sánchez 0-0: Foul Ball, location: 9LMF
0-1: Ball
1-1: Called Strike
1-2: Foul Ball, location: 2F
1-2: Fly out, F9 (Line Drive, 89S, EV 93.1 MPH)
Bottom of the 2nd over - 0 runs, 0 hits, 0 errors, 0 left on base; New York (A) 0 - Minnesota 1
TOP OF THE 3RD
New York (A) Yankees batting - Pitching for Minnesota Twins : LHP Andy Dawson
Batting: RHB Ron Washington 0-0: Called Strike
0-1: Ground out 6-3 (Groundball, 6S, EV 86.3 MPH)
Batting: RHB Benjamim Futscher 0-0: Ball
1-0: SOLO HOME RUN (Flyball, 7D, EV 106.9 MPH), Distance : 410 ft
Batting: RHB Sandro Ayala 0-0: Called Strike
0-1: Fly out, F9 (Flyball, 9D, EV 106.9 MPH)
Batting: RHB Tony Bórquez 0-0: Ground out 4-3 (Groundball, 4M, EV 85.0 MPH)
Top of the 3rd over - 1 run, 1 hit, 0 errors, 0 left on base; New York (A) 1 - Minnesota 1
BOTTOM OF THE 3RD
Minnesota Twins batting - Pitching for New York (A) Yankees : RHP António Dueñas
Pitching: RHP Waylon Carbajal
Batting: LHB Kaspar Linge 0-0: Ball
1-0: Ball
2-0: Ball
3-0: Called Strike
3-1: Base on Balls
Batting: RHB Juan Juárez 0-0: Called Strike
Kaspar Linge steals 2nd base
0-1: Foul Ball, location: 5F
0-2: Strikes out looking
Batting: LHB Pancho Cervantez 0-0: Called Strike
0-1: Ball
1-1: Ball
2-1: Called Strike
2-2: Strikes out looking
Batting: SHB Steve Sanders 0-0: Called Strike
0-1: Ball
1-1: Foul Ball, location: 2F
1-2: Ball
2-2: Ball
3-2: Fly out, F9 (Flyball, 9D, EV 85.0 MPH)
Bottom of the 3rd over - 0 runs, 0 hits, 0 errors, 1 left on base; New York (A) 1 - Minnesota 1
TOP OF THE 4TH
New York (A) Yankees batting - Pitching for Minnesota Twins : LHP Andy Dawson
Batting: LHB Johnny Erwin 0-0: Ball
1-0: TRIPLE (Flyball, 78XD, EV 109.4 MPH)
Batting: LHB Derek Allen 0-0: Ball
1-0: Called Strike
1-1: Ball
2-1: Ball
3-1: Swinging Strike
3-2: Base on Balls
Batting: SHB Rodrigo López 0-0: Foul Ball, location: 2F
0-1: Grounds into double play, 6-4-3 (Groundball, 6, EV 85.0 MPH)
Johnny Erwin scores
Batting: LHB Bob Armstrong 0-0: Ball
1-0: SINGLE (Groundball, 4, EV 100.0 MPH) (infield hit)
Batting: RHB Juan Colón 0-0: Fielders Choice at 2nd, U4 (Groundball, 4M, EV 84.4 MPH)
Top of the 4th over - 1 run, 2 hits, 0 errors, 1 left on base; New York (A) 2 - Minnesota 1
BOTTOM OF THE 4TH
Minnesota Twins batting - Pitching for New York (A) Yankees : RHP Waylon Carbajal
Batting: RHB Leonardo Boccasino 0-0: Called Strike
0-1: Ball
1-1: Ground out 6-3 (Groundball, 6, EV 84.4 MPH)
Batting: SHB Jeff Krieger 0-0: Foul Ball, location: 2F
0-1: Swinging Strike
0-2: Strikes out swinging
Batting: RHB Connor Teek 0-0: Called Strike
0-1: Ball
1-1: Called Strike
1-2: SINGLE (Flyball, 7S, EV 93.8 MPH)
Batting: RHB Jesús Carranza 0-0: SINGLE (Line Drive, 78M, EV 87.5 MPH)
Connor Teek to second
Batting: RHB Ángelo Sánchez 0-0: SINGLE (Line Drive, 6MD, EV 94.4 MPH)
Connor Teek to third
Jesús Carranza to second
Runner from 3rd tries for Home, SAFE, throw by CF to home
Batting: LHB Kaspar Linge 0-0: Ground out 2-3 (Groundball, 2L, EV 71.3 MPH)
Bottom of the 4th over - 1 run, 3 hits, 0 errors, 2 left on base; New York (A) 2 - Minnesota 2
TOP OF THE 5TH
New York (A) Yankees batting - Pitching for Minnesota Twins : LHP Andy Dawson
Now at C: Mario Reyes
Now at SS: Chris Porter
Now in CF: Rubén Rosete
Now in RF: Pancho Cervantez
Batting: RHB Ron Washington 0-0: Swinging Strike
0-1: Swinging Strike
0-2: Ball
1-2: Strikes out swinging
Batting: RHB Benjamim Futscher 0-0: Swinging Strike
0-1: Foul Ball, location: 3DF
0-2: Foul Ball, location: 3F
0-2: Ball
1-2: Ball
2-2: Foul Ball, location: 9LMF
2-2: Foul Ball, location: 2F
2-2: SINGLE (Groundball, 2L, EV 62.5 MPH) (infield hit)
Batting: RHB Sandro Ayala 0-0: Ball
1-0: Ball
2-0: Called Strike
2-1: SINGLE (Groundball, 56D, EV 95.0 MPH)
Benjamim Futscher to second
Pinch Hitting: LHB David Cedeño 0-0: Ball
1-0: Fly out, F8 (Flyball, 8LM, EV 80.0 MPH)
Batting: LHB Johnny Erwin 0-0: Ball
1-0: Ground out 4-3 (Groundball, 4, EV 108.1 MPH)
Top of the 5th over - 0 runs, 2 hits, 0 errors, 2 left on base; New York (A) 2 - Minnesota 2
BOTTOM OF THE 5TH
Minnesota Twins batting - Pitching for New York (A) Yankees : RHP Waylon Carbajal
Pitching: RHP Ed Baxter
Now at 1B: Doug Cunningham
Now at 2B: Cris Ruíz
Now at SS: Walt Gardner
Now in LF: David Cedeño
Now in CF: Esteban Morán
Batting: RHB Juan Juárez 0-0: Ball
1-0: Ball
2-0: Swinging Strike
2-1: Swinging Strike
2-2: Ball
3-2: Fly out, F9 (Flyball, 89M, EV 97.5 MPH)
Pinch Hitting: LHB Joe Anderson 0-0: Called Strike
0-1: Foul Ball, location: 5SF
0-2: Strikes out looking
Batting: LHB Joe McMahon 0-0: Swinging Strike
0-1: Ball
1-1: Foul Ball, location: 2RF
1-2: Ball
2-2: Ground out 4-3 (Groundball, 4, EV 85.0 MPH)
Bottom of the 5th over - 0 runs, 0 hits, 0 errors, 0 left on base; New York (A) 2 - Minnesota 2
TOP OF THE 6TH
New York (A) Yankees batting - Pitching for Minnesota Twins : LHP Andy Dawson
Now in RF: Joe Anderson
Pinch Hitting: RHB Gene Russell 0-0: Fly out, F8 (Flyball, 8RD, EV 95.6 MPH)
Batting: RHB Cris Ruíz 0-0: Ball
1-0: Called Strike
1-1: Ball
2-1: Ball
3-1: Base on Balls
Batting: LHB Esteban Morán 0-0: Called Strike
0-1: Called Strike
0-2: Fielders Choice at 2nd, 2-6 (Groundball, 2R, EV 71.3 MPH)
Batting: RHB Juan Colón 0-0: Hit by Pitch
Esteban Morán to second
Batting: LHB Spike Robbins 0-0: Called Strike
0-1: Ground out 4-3 (Groundball, 4S, EV 81.3 MPH)
Top of the 6th over - 0 runs, 0 hits, 0 errors, 2 left on base; New York (A) 2 - Minnesota 2
BOTTOM OF THE 6TH
Minnesota Twins batting - Pitching for New York (A) Yankees : RHP Ed Baxter
Now at C: Johnny Sherman
Now in RF: Gene Russell
Pinch Hitting: SHB Ron Richards 0-0: Ball
1-0: Ball
2-0: Called Strike
2-1: Called Strike
2-2: Strikes out looking
Batting: RHB Chris Porter 0-0: Ball
1-0: Foul Ball, location: 2F
1-1: Fly out, F7 (Flyball, 78XD, EV 93.8 MPH)
Batting: LHB Rubén Rosete 0-0: Swinging Strike
0-1: Ball
1-1: Ball
2-1: SINGLE (Groundball, 2L, EV 73.8 MPH) (infield hit)
Pinch Hitting: RHB Bernie Davis 0-0: Ball
1-0: Called Strike
1-1: Ball
2-1: Foul Ball, location: 3SF
2-2: Ball
3-2: Fly out, F5 (Line Drive, 56, EV 73.8 MPH)
Bottom of the 6th over - 0 runs, 1 hit, 0 errors, 1 left on base; New York (A) 2 - Minnesota 2
TOP OF THE 7TH
New York (A) Yankees batting - Pitching for Minnesota Twins : LHP Andy Dawson
Pitching: RHP Mel Tseng
Now at 3B: Bernie Davis
Now in LF: Ron Richards
Batting: LHB Doug Cunningham 0-0: Ball
1-0: Foul Ball, location: 23F
1-1: Ball
2-1: Ball
3-1: Fly out, F7 (Flyball, 7, EV 95.0 MPH)
Batting: RHB Johnny Sherman 0-0: Foul Ball, location: 2F
0-1: Foul Ball, location: 2F
0-2: Ball
1-2: Ground out 5-3 (Groundball, 56, EV 90.6 MPH)
Batting: LHB David Cedeño 0-0: Ball
1-0: Swinging Strike
1-1: Ball
2-1: Ball
3-1: Foul Ball, location: 3SF
3-2: Foul Ball, location: 3FF
3-2: Foul Ball, location: 25FF
3-2: Strikes out swinging
Top of the 7th over - 0 runs, 0 hits, 0 errors, 0 left on base; New York (A) 2 - Minnesota 2
BOTTOM OF THE 7TH
Minnesota Twins batting - Pitching for New York (A) Yankees : RHP Ed Baxter
Pitching: RHP Dan Calhoun
Pinch Hitting: RHB Cecilio Kendall 0-0: Ball
1-0: Ball
2-0: Foul Ball, location: 5F
2-1: Ball
3-1: Base on Balls
Batting: RHB Mario Reyes 0-0: DOUBLE (Flyball, 8LXD, EV 98.1 MPH)
Cecilio Kendall to third
Pinch Hitting: RHB Jorge Rivas 0-0: Called Strike
0-1: Swinging Strike
0-2: Hit by Pitch
Pitching: LHP Nelson Acosta
Batting: LHB Joe Anderson 0-0: Called Strike
0-1: Fly out, F2 (Popup, 2RF, EV 95.0 MPH)
Batting: LHB Joe McMahon 0-0: Foul Ball, location: 5F
0-1: Ball
1-1: Ball
2-1: Called Strike
2-2: Fly out, F3 (Popup, 3SF, EV 73.8 MPH)
Batting: SHB Ron Richards 0-0: Foul Ball, location: 2F
0-1: Ball
1-1: Ball
2-1: Called Strike
2-2: TRIPLE (Line Drive, 89XD, EV 105.6 MPH)
Cecilio Kendall scores
Mario Reyes scores
Jorge Rivas scores
Batting: RHB Chris Porter 0-0: Fly out, F8 (Line Drive, 78M, EV 98.8 MPH)
Bottom of the 7th over - 3 runs, 2 hits, 0 errors, 1 left on base; New York (A) 2 - Minnesota 5
TOP OF THE 8TH
New York (A) Yankees batting - Pitching for Minnesota Twins : RHP Mel Tseng
Pitching: LHP Jesús Martínez
Now at 1B: Jorge Rivas
Now at 2B: Cecilio Kendall
Batting: RHB Walt Gardner 0-0: Foul Ball, location: 2F
0-1: Ball
1-1: Swinging Strike
1-2: Foul Ball, location: 9LMF
1-2: Foul Ball, location: 2F
1-2: Ball
2-2: Strikes out looking
Batting: RHB Gene Russell 0-0: Foul Ball, location: 9LDF
0-1: Ball
1-1: Swinging Strike
1-2: Ground out 5-3 (Groundball, 56, EV 83.1 MPH)
Batting: RHB Cris Ruíz 0-0: Ball
1-0: Swinging Strike
1-1: Ball
2-1: Ball
3-1: Foul Ball, location: 5F
3-2: Strikes out swinging
Top of the 8th over - 0 runs, 0 hits, 0 errors, 0 left on base; New York (A) 2 - Minnesota 5
BOTTOM OF THE 8TH
Minnesota Twins batting - Pitching for New York (A) Yankees : LHP Nelson Acosta
Pitching: LHP Leon Montalvo
Batting: LHB Rubén Rosete 0-0: Ball
1-0: Ground out 4-3 (Groundball, 4, EV 82.5 MPH)
Batting: RHB Bernie Davis 0-0: SINGLE (Line Drive, 56, EV 97.5 MPH)
Batting: RHB Cecilio Kendall 0-0: Ball
1-0: Ball
Bernie Davis steals 2nd base
2-0: Foul Ball, location: 3DF
2-1: Ball
3-1: Called Strike
3-2: Ground out 5-3 (Groundball, 5, EV 109.4 MPH)
Bernie Davis to third
Batting: RHB Mario Reyes 0-0: Ball
1-0: Called Strike
1-1: Ball
2-1: Foul Ball, location: 2F
2-2: Ground out 5-3 (Groundball, 56, EV 99.4 MPH)
Bottom of the 8th over - 0 runs, 1 hit, 0 errors, 1 left on base; New York (A) 2 - Minnesota 5
TOP OF THE 9TH
New York (A) Yankees batting - Pitching for Minnesota Twins : LHP Jesús Martínez
Pitching: RHP Lúcio Barrios
Batting: LHB Esteban Morán 0-0: Called Strike
0-1: Ball
1-1: DOUBLE (Line Drive, 89M, EV 105.0 MPH)
Batting: RHB Juan Colón 0-0: Ball
1-0: Fly out, F8 (Flyball, 78S, EV 98.1 MPH)
Batting: LHB Spike Robbins 0-0: Foul Ball, location: 7LDF
0-1: Ball
1-1: Foul Ball, location: 2F
1-2: Ground out 4-3 (Groundball, 4, EV 80.6 MPH)
Esteban Morán to third
Batting: LHB Doug Cunningham 0-0: Ground out 4-3 (Groundball, 34, EV 88.8 MPH)
Top of the 9th over - 0 runs, 1 hit, 0 errors, 1 left on base; New York (A) 2 - Minnesota 5
Wednesday, May 1st , 2024 - OOTP Baseball 24.10 Build 82